 Dungeon Crawl Stone Soup version 0.19.5 (webtiles) character file.

18499 Hybris the Impaler (level 12, -7/106 HPs)
             Began as a Minotaur Berserker on Mar 22, 2017.
             Was an Elder of Trog.
             Killed from afar by a frost giant (18 damage)
             ... with a bolt of cold
             ... in an ice cave.
             The game lasted 00:49:40 (11868 turns).

Hybris the Impaler (Minotaur Berserker)            Turns: 11868, Time: 00:49:41

Health: -7/106     AC: 24    Str: 28    XL:     12   Next: 28%
Magic:  11/11      EV: 10    Int:  4    God:    Trog [****..]
Gold:   717        SH:  0    Dex:  9    Spells: 0 memorised, 11 levels left

rFire  . . .     SeeInvis .     V - +6 halberd (venom)
rCold  . . .     Gourm    .     C - +3 chain mail
rNeg   . . .     Faith    .     (shield currently unavailable)
rPois  +         Spirit   .     (helmet restricted)
rElec  .         Reflect  .     P - +2 cloak {rPois}
rCorr  .         Harm     .     (no gloves)
MR     ++...                    (no boots)
Stlth  ..........               (no amulet)
                                p - +6 ring of protection
                                (no ring)

@: regenerating
A: retaliatory headbutt, horns 2
a: Berserk, Trog's Hand, Brothers in Arms, Burn Spellbooks, Renounce Religion


You were in an ice cave.
You worshipped Trog.
Trog was greatly pleased with you.
You were not hungry.

You visited 1 branch of the dungeon, and saw 12 of its levels.
You also visited: Sewer and Ice Cave.

You collected 717 gold pieces.

Inventory:

Hand Weapons
 a - a +0 spear
 A - a +4 quarterstaff of chaos
 B - a +0 falchion of holy wrath
 V - a +6 halberd of venom (weapon)
Armour
 C - a +3 chain mail (worn)
 M - a +0 buckler
 P - a +2 cloak of poison resistance (worn)
 Y - a +1 scale mail of magic resistance
Jewellery
 o - a +5 ring of intelligence
 p - a +6 ring of protection (right hand)
 U - an uncursed ring of fire
 W - an uncursed ring of ice {unknown}
Wands
 n - a wand of acid (2/15)
 D - a wand of polymorph (17/24)
 O - a wand of paralysis (15/24)
 Q - a wand of digging (9/24)
 R - a wand of acid (7/15)
 S - a wand of disintegration (13/24)
 T - a wand of confusion (6/48)
 X - a wand of digging (16/24)
 Z - a wand of confusion (32/48)
Scrolls
 b - 2 scrolls of teleportation
 d - 2 scrolls of immolation
 f - 2 scrolls of random uselessness {unknown}
 g - 2 scrolls of recharging {unknown}
 j - 2 scrolls of fear {unknown}
 k - 10 scrolls of identify
 m - 4 scrolls of remove curse
 x - 2 scrolls of fog
 y - a scroll of enchant weapon {unknown}
 E - a scroll of enchant armour {unknown}
 G - a scroll of amnesia {unknown}
 J - a scroll of acquirement {unknown}
 N - 2 scrolls of blinking {unknown}
Potions
 e - 2 potions of brilliance {unknown}
 h - a potion of cure mutation {unknown}
 i - 6 potions of curing
 l - 3 potions of heal wounds
 q - 2 potions of flight
 t - 2 potions of might {unknown}
 u - 2 potions of ambrosia {unknown}
 z - 2 potions of resistance {unknown}
 F - 2 potions of lignification {unknown}
 I - 2 potions of agility {unknown}
 K - 2 potions of magic {unknown}
 L - 4 potions of haste {unknown}
Comestibles
 c - 8 bread rations
 s - 7 beef jerkies
 v - 29 fruits
 w - 6 meat rations
 H - 2 royal jellies


   Skills:
 + Level 10.2 Fighting
 * Level 16.3 Polearms
 + Level 11.4 Armour
 - Level 2.1 Dodging
 - Level 9.4 Shields


You had 11 spell levels left.
You didn't know any spells.

Dungeon Overview and Level Annotations

Branches:
Dungeon (12/15)            Temple (0/1) D:5            Lair (0/6) D:11
    Orc (0/2) D:11

Altars:
Cheibriados
Gozag
Hepliaklqana
Nemelex Xobeh
Okawaru
Qazlal
Sif Muna
Vehumet

Shops:
D:6 [

Annotations:
IceCv exclusion: ice statue


Innate Abilities, Weirdness & Mutations

You reflexively headbutt those who attack you in melee.
You have a pair of horns on your head.


Message History

The bolt of cold misses you.
The frost giant gestures at you while chanting.
The bolt of cold hits you!
* * * LOW HITPOINT WARNING * * *
You feel much better.
You start eating one of the 9 bread rations.
You continue eating.
The frost giant points at you and mumbles some strange words.
The bolt of cold hits you!
* * * LOW HITPOINT WARNING * * *
You continue eating.
You finish eating.
That bread ration really hit the spot!
Your skin crawls.
You feel resistant to hostile enchantments.
You feel somewhat more hungry.
Number of times to repeat, then command key: You must enter the number of times for the command to repeat.
The frost giant casts a spell at you. The bolt of cold hits you!
You die...

##..###C#
.....#
##.##.##
#....#
#..##.#
....#
##.##Y##
##..##.##
#..####.##
#.## ##C#
#.#####.##
#.#.#.#@#
#......##
#..⌠.#.#
##...###
##.## ###


You could see a frost giant.

Vanquished Creatures
  Erica (D:10)
  3 slime creatures (D:12)
  Maurice (D:8)
  Psyche (D:10)
  The ghost of sveltemanboy the Insei, a novice DsGl (D:5)
  A komodo dragon (D:11)
  A rime drake (IceCv)
  A tengu conjurer (D:10)
  A troll (D:10)
  Grinder (D:3)
  14 polar bears (IceCv)
  4 hippogriffs
  Prince Ribbit (D:8)
  3 two-headed ogres (D:8)
  14 yaks
  Grum (D:8)
  Menkaure (D:5)
  Duvessa (D:7)
  A water moccasin (D:9)
  A sky beast (D:11)
  2 orc warriors
  2 ice beasts
  Purgy (Sewer)
  8 ogres
  4 phantoms
  A black bear (D:6)
  19 wolves
  3 centaurs
  2 crocodiles
  2 big kobolds
  8 bullfrogs
  A wyvern zombie (D:11)
  Dowan (D:7)
  A water moccasin zombie (D:7)
  3 scorpions
  5 killer bees (D:10)
  2 wights (D:9)
  3 howler monkeys (D:8)
  2 crimson imps
  A jelly (D:10)
  2 bullfrog skeletons
  5 hounds
  5 orc priests
  Crazy Yiuf (D:7)
  7 orc wizards
  2 iguanas
  13 worker ants
  2 hound zombies
  A hound skeleton (D:6)
  3 worker ant zombies
  10 gnolls
  13 adders
  2 river rats (D:11)
  3 shadow imps
  5 white imps (D:12)
  3 adder skeletons
  4 worms
  5 dart slugs
  5 leopard geckos
  33 orcs
  16 bats
  6 giant cockroaches
  8 goblins
  9 hobgoblins
  12 jackals
  7 kobolds
  2 quokkas
  4 ball pythons
  12 frilled lizards
  2 quokka skeletons
  17 rats
343 creatures vanquished.

Vanquished Creatures (collateral kills)
  The ghost of PeterLawrence the Spear-Bearer, a journeyman MiFi of Okawaru (D:9)
  A death yak (IceCv)
  4 polar bears (IceCv)
  A wraith (D:11)
  3 yaks
  2 orc warriors (D:9)
  An ogre (D:12)
  A black bear (D:11)
  A wolf (IceCv)
  A gnoll sergeant (D:9)
  A wight (D:9)
  2 jellies (D:9)
  An orc priest (D:9)
  A howler monkey zombie (D:9)
  A gnoll (D:9)
  A river rat (D:11)
  A shadow imp (D:12)
  7 white imps (D:12)
  An orc (D:9)
  A jackal (D:9)
  2 rats (D:11)
35 creatures vanquished.

Vanquished Creatures (others)
  A yak (IceCv)
  A wolf (IceCv)
  A fungus (D:11)
3 creatures vanquished.

Grand Total: 381 creatures vanquished

Notes
Turn   | Place    | Note
-------+----------+-------------------------------------------
     0 | D:1      | Hybris the Minotaur Berserker began the quest for the Orb.
     0 | D:1      | Reached XP level 1. HP: 19/19 MP: 0/0
   164 | D:1      | Reached skill level 4 in Polearms
   169 | D:1      | Reached XP level 2. HP: 21/27 MP: 1/1
   394 | D:1      | Reached ** piety under Trog
   437 | D:2      | Reached XP level 3. HP: 33/33 MP: 2/2
   734 | D:2      | Found a radiant altar of Vehumet.
  1000 | D:2      | Reached skill level 5 in Polearms
  1072 | D:2      | Reached XP level 4. HP: 34/41 MP: 3/3
  1249 | D:3      | Found a snail-covered altar of Cheibriados.
  1643 | D:3      | Reached *** piety under Trog
  1643 | D:3      | Reached skill level 5 in Fighting
  1643 | D:3      | Reached skill level 6 in Polearms
  1643 | D:3      | Reached XP level 5. HP: 43/48 MP: 4/4
  1855 | D:3      | Noticed Grinder
  1879 | D:3      | Killed Grinder
  1879 | D:3      | Reached skill level 7 in Polearms
  1879 | D:3      | Reached XP level 6. HP: 50/57 MP: 5/5
  2386 | D:4      | Reached skill level 8 in Polearms
  2437 | D:4      | You fall through a shaft for 3 floors!
  2450 | D:7      | Reached XP level 7. HP: 61/63 MP: 6/6
  2530 | D:7      | Found a sparkling altar of Nemelex Xobeh.
  2649 | D:7      | Noticed Duvessa
  2685 | D:7      | Killed Duvessa
  2696 | D:7      | Reached skill level 9 in Polearms
  2774 | D:7      | Noticed Dowan
  2788 | D:7      | Killed Dowan
  2788 | D:7      | Reached XP level 8. HP: 73/73 MP: 7/7
  3002 | D:7      | Found a runed door.
  3111 | D:7      | Reached **** piety under Trog
  3255 | D:7      | Reached skill level 5 in Armour
  3434 | D:7      | Noticed Crazy Yiuf
  3441 | D:7      | Killed Crazy Yiuf
  3470 | D:7      | Reached skill level 10 in Polearms
  4352 | D:6      | Found Tat Ahor's Armour Emporium.
  4361 | D:6      | Reached skill level 11 in Polearms
  4425 | D:6      | Reached XP level 9. HP: 74/81 MP: 8/8
  4448 | D:5      | Entered Level 5 of the Dungeon
  4512 | D:5      | Noticed Menkaure
  4519 | D:5      | Killed Menkaure
  4588 | D:5      | Found a staircase to the Ecumenical Temple.
  4705 | D:5      | Found a glowing drain.
  4714 | Sewer    | Entered a sewer
  4748 | Sewer    | Noticed Purgy
  4754 | Sewer    | Killed Purgy
  4954 | D:5      | Found a deep blue altar of Sif Muna.
  4962 | D:5      | Noticed sveltemanboy's ghost (novice DsGl)
  4996 | D:5      | Killed sveltemanboy's ghost
  5883 | D:4      | Reached skill level 1 in Shields
  6020 | D:4      | Found an opulent altar of Gozag.
  6021 | D:4      | Found a stormy altar of Qazlal.
  6613 | D:8      | Reached skill level 12 in Polearms
  6699 | D:8      | Found a hazy altar of Hepliaklqana.
  6755 | D:8      | Found an iron altar of Okawaru.
  6779 | D:8      | Reached ***** piety under Trog
  6920 | D:8      | Reached skill level 5 in Shields
  7061 | D:8      | Noticed Maurice
  7074 | D:8      | Killed Maurice
  7074 | D:8      | Reached XP level 10. HP: 90/90 MP: 9/9
  7366 | D:8      | Noticed Grum
  7385 | D:8      | Reached skill level 13 in Polearms
  7400 | D:8      | Killed Grum
  7671 | D:8      | Noticed Prince Ribbit
  7698 | D:8      | Killed Prince Ribbit
  7876 | D:9      | Noticed Erica
  8094 | D:9      | Noticed PeterLawrence's ghost (journeyman MiFi)
  8193 | D:9      | Killed PeterLawrence's ghost
  8504 | D:10     | Entered Level 10 of the Dungeon
  8528 | D:10     | Noticed Psyche
  8542 | D:10     | Killed Psyche
  8688 | D:10     | Got an iridescent rapier
  8689 | D:10     | Identified the +3 rapier of Liteenim {venom, Str+3} (You found it on level 10 of the Dungeon)
  8835 | D:10     | Killed Erica
  8835 | D:10     | Reached skill level 14 in Polearms
  8835 | D:10     | Reached XP level 11. HP: 95/95 MP: 10/10
  9961 | D:11     | Found a staircase to the Orcish Mines.
 10030 | D:11     | Received a gift from Trog
 10283 | D:11     | Found a staircase to the Lair.
 10482 | D:12     | Reached skill level 10 in Armour
 10666 | D:12     | Found a frozen archway.
 10702 | IceCv    | Entered an ice cave
 10708 | IceCv    | Reached skill level 15 in Polearms
 11456 | IceCv    | Reached XP level 12. HP: 100/106 MP: 11/11
 11575 | IceCv    | Noticed a death yak
 11594 | IceCv    | Killed a death yak
 11594 | IceCv    | Reached skill level 10 in Fighting
 11601 | IceCv    | Reached skill level 16 in Polearms
 11834 | IceCv    | Noticed a frost giant
 11863 | IceCv    | HP: 4/106 [frost giant/bolt of cold (45)]
 11868 | IceCv    | Killed from afar by a frost giant

Skill      XL: |  1  2  3  4  5  6  7  8  9 10 11 12 |
---------------+-------------------------------------+-----
Polearms       | 4 5 6 7 8 9 11 12 14 15 16 | 16.3
Fighting       | 4 5 6 7 8 9 10 | 10.2
Armour         | 4 6 7 9 10 11 | 11.4
Shields        | 5 8 9 |  9.4
Dodging        | |  2.1

Action                   |  1- 3 |  4- 6 |  7- 9 | 10-12 || total
-------------------------+-------+-------+-------+-------++-------
Melee: Spear             |   102 |   171 |   513 |   425 ||  1211
       Headbutt          |     8 |    27 |    85 |   130 ||   250
       Halberd           |       |       |       |   213 ||   213
Invok: Trog's Hand       |       |       |     2 |     4 ||     6
       Berserk           |       |       |     4 |    11 ||    15
       Burn Spellbooks   |       |       |     1 |     1 ||     2
       Brothers in Arms  |       |       |       |    13 ||    13
Evoke: Wand              |       |       |       |     3 ||     3
  Use: Scroll            |       |       |     3 |     4 ||     7
       Potion            |       |       |       |     2 ||     2
 Stab: Distracted        |       |       |       |     1 ||     1
  Eat: Chunk             |     1 |     4 |    18 |    26 ||    49
       Bread ration      |       |       |       |     2 ||     2
Armor: Scale mail        |    18 |    14 |       |       ||    32
       Ring mail         |       |    19 |   105 |    63 ||   187
       Chain mail        |       |       |       |   170 ||   170
Dodge: Dodged            |    35 |    56 |   135 |   170 ||   396
Block: Buckler           |       |       |     9 |    52 ||    61
